Map: Abyssal Reef LE

Players

Lambo

  • Race: Zerg Zerg
  • League: Grandmaster
  • Spawn Location: 11:00

LiquidMaNa (MaNa) - Winner!

  • Race: Protoss Protoss
  • League: Master
  • Spawn Location: 5:00

Event: HomeStory Cup XVI

VOD

Have the link to the VOD?

Description

Time

  • Played on: Nov. 9, 2017, 4:24 p.m.
  • Length: 8:54

All games in this series

Show
View Real Time Build Order
Export as new Build Order

Lambo Zerg 

Build Orders: Hatch First 

Get SALT Encoding   

  12  0:01  Drone  
  13  0:13  Drone  
  14  0:16  Overlord  
  14  0:35  Drone  
  15  0:45  Hatchery  
  15  0:49  Drone  
  15  0:52  Drone  
  15  0:56  Drone  
  17  1:00  Drone  
  18  1:11  Extractor  
  17  1:16  Spawning Pool  
  16  1:19  Drone  
  16  1:22  Drone  
  18  1:32  Drone  
  19  1:44  Overlord  
  19  1:53  Drone  
  20  1:57  Drone  
  21  2:03  Queen x2  
  21  2:05  Zergling x2  
  26  2:09  Zergling x2  
  26  2:12  Metabolic Boost  
  27  2:16  Drone  
  27  2:19  Drone  
  29  2:30  Drone x2  
  32  2:37  Drone  
  32  2:49  Hatchery  
  31  2:54  Pneumatized Carapace  
  31  2:55  Drone  
  31  2:58  Overlord  
  32  3:01  Drone  
  33  3:06  Drone x2  
  33  3:10  Drone  
  36  3:19  Drone x5  
  41  3:23  Queen  
  43  3:27  Drone  
  43  3:29  Spore Crawler  
  43  3:31  Spore Crawler  
  42  3:40  Drone x2  
  44  3:43  Overlord  
  44  3:45  Overlord  
  44  3:47  Evolution Chamber  
  43  4:01  Queen  
  45  4:03  Drone x4  
  45  4:07  Drone  
  45  4:08  Drone x2  
  51  4:14  Drone x2  
  53  4:21  Drone x3  
  55  4:24  Lair  
  55  4:26  Queen  
  55  4:28  Spore Crawler, Drone  
  57  4:32  Zerg Missile Weapons Level 1  
  57  4:33  Overlord  
  57  4:34  Overlord  
  57  4:37  Overlord  
  57  4:41  Extractor, Zergling x2  
  57  4:43  Overlord  
  57  4:45  Overlord  
  57  4:50  Overlord  
  57  4:56  Extractor  
  57  4:57  Drone x2  
  57  4:58  Drone  
  59  5:00  Drone x2  
  59  5:01  Spine Crawler  
  59  5:02  Drone x2  
  59  5:05  Queen  
  64  5:11  Zergling x4  
  66  5:18  Extractor  
  66  5:21  Drone x2  
  66  5:22  Hydralisk Den, Zergling x6  
  66  5:23  Zergling x4  
  66  5:26  Overlord  
  71  5:38  Zergling x8  
  75  5:45  Overlord  
  75  5:47  Overlord  
  75  5:50  Overlord  
  75  5:51  Overlord  
  75  5:55  Overlord  
  75  5:56  Hydralisk  
  75  5:57  Muscular Augments, Hydralisk x3  
  75  5:58  Overlord  
  75  5:59  Hydralisk  
  75  6:00  Zergling x2  
  85  6:08  Hydralisk x2  
  84  6:14  Hydralisk  
  84  6:15  Zergling x8  
  84  6:18  Hydralisk  
  88  6:24  Hydralisk  
  90  6:26  Overlord  
  90  6:27  Hydralisk  
  90  6:28  Zergling x6  
  90  6:32  Hydralisk  
  97  6:36  Hydralisk  
  97  6:38  Zergling x6  
  102  6:43  Hydralisk  
  102  6:46  Hydralisk  
  106  6:48  Overlord  
  106  6:49  Hydralisk  
  106  6:51  Zergling x6  
  107  6:56  Hydralisk  
  107  6:58  Zergling x2  
  107  6:59  Zergling x4  
  102  7:01  Zergling x4  
  102  7:03  Hydralisk  
  102  7:07  Hydralisk  
  102  7:08  Zergling x2  
  102  7:09  Zergling x2  
  102  7:12  Hydralisk  
  104  7:15  Hydralisk  
  104  7:18  Hydralisk  
  108  7:24  Hydralisk  
  108  7:25  Zergling x8  
  108  7:28  Hydralisk  
  113  7:31  Hydralisk  
  114  7:37  Hydralisk  
  114  7:42  Hydralisk  
  116  7:49  Hydralisk  
  116  7:50  Zergling x8  
  121  7:56  Hydralisk x2  
  125  8:00  Hydralisk  
  125  8:01  Zergling x4  
  129  8:07  Hydralisk  
  129  8:09  Zergling x8  
  129  8:12  Overseer  
  135  8:13  Hydralisk  
  135  8:17  Zergling x6  
  140  8:20  Hydralisk  
  140  8:26  Hydralisk x2  
  131  8:34  Zergling x2  
  131  8:35  Zergling x2  
Show
View Real Time Build Order
Export as new Build Order

LiquidMaNa Protoss - Winner!

Build Orders: 1 Gate Expand, Zealot Archon, Archon Drop 

Get SALT Encoding   

  12  0:02  Probe (Chrono Boost)  
  14  0:14  Probe (Chrono Boost)  
  14  0:19  Pylon  
  14  0:26  Probe (Chrono Boost)  
  15  0:33  Probe (Chrono Boost)  
  15  0:41  Probe (Chrono Boost)  
  16  0:44  Gateway  
  17  0:52  Assimilator  
  17  0:53  Probe (Chrono Boost)  
  18  1:00  Probe (Chrono Boost)  
  19  1:07  Probe (Chrono Boost)  
  20  1:26  Nexus  
  20  1:35  Cybernetics Core  
  21  1:40  Probe (Chrono Boost)  
  21  1:45  Assimilator  
  21  1:52  Probe (Chrono Boost)  
  22  1:56  Pylon  
  22  2:04  Probe (Chrono Boost)  
  23  2:12  Warp Gate  
  24  2:16  Probe (Chrono Boost)  
  26  2:24  Stargate  
  26  2:28  Probe (Chrono Boost)  
  26  2:29  Adept  
  27  2:40  Probe (Chrono Boost), Pylon  
  27  2:43  Probe (Chrono Boost)  
  29  2:47  Probe (Chrono Boost)  
  29  2:49  Probe (Chrono Boost)  
  30  2:55  Probe (Chrono Boost)  
  30  2:56  Adept  
  30  2:57  Void Ray  
  34  3:00  Probe (Chrono Boost)  
  36  3:07  Probe (Chrono Boost)  
  41  3:13  Probe (Chrono Boost)  
  41  3:18  Pylon  
  41  3:19  Probe (Chrono Boost)  
  42  3:25  Probe (Chrono Boost)  
  43  3:27  Gateway  
  43  3:31  Probe (Chrono Boost)  
  44  3:38  Probe (Chrono Boost)  
  45  3:43  Probe (Chrono Boost)  
  45  3:47  Pylon  
  47  3:50  Probe (Chrono Boost)  
  47  3:53  Robotics Facility  
  47  3:55  Probe (Chrono Boost)  
  48  4:02  Probe (Chrono Boost)  
  49  4:07  Twilight Council  
  49  4:09  Forge  
  50  4:10  Probe (Chrono Boost)  
  50  4:12  Protoss Ground Weapons Level 1  
  50  4:14  Assimilator, Probe (Chrono Boost)  
  50  4:15  Assimilator  
  51  4:26  Shield Battery  
  51  4:31  Warp Prism  
  51  4:33  Gateway  
  51  4:35  Gateway  
  51  4:37  Gateway  
  51  4:40  Probe x2 (Chrono Boost)  
  51  4:43  Charge  
  55  4:48  Templar Archives  
  55  4:55  Pylon  
  57  5:00  Probe x2 (Chrono Boost)  
  57  5:04  Pylon  
  57  5:14  Nexus  
  57  5:24  Pylon  
  57  5:26  Probe x2 (Chrono Boost)  
  59  5:32  High Templar x3, Zealot  
  66  5:36  Archon  
  66  5:40  High Templar  
  66  5:41  Observer  
  68  5:45  Archon  
  68  5:46  Gateway  
  68  5:47  Gateway  
  68  5:48  Probe x2 (Chrono Boost)  
  68  5:49  Gateway  
  71  6:00  Probe (Chrono Boost)  
  71  6:01  Probe (Chrono Boost)  
  73  6:04  Protoss Ground Weapons Level 2  
  73  6:05  Shield Battery  
  75  6:13  Probe x2 (Chrono Boost)  
  75  6:20  Zealot x3  
  75  6:21  Zealot  
  75  6:25  Probe x2 (Chrono Boost)  
  83  6:28  Pylon  
  83  6:32  Immortal  
  87  6:37  Probe x2 (Chrono Boost)  
  89  6:44  High Templar x2, Zealot x3  
  99  6:47  Psionic Storm  
  99  6:49  Zealot x2, Archon  
  103  7:00  Probe (Chrono Boost)  
  98  7:11  Immortal  
  98  7:12  High Templar, Zealot  
  98  7:13  Zealot x3  
  106  7:21  Pylon  
  108  7:23  Pylon  
  108  7:25  Shield Battery  
  108  7:27  Shield Battery  
  108  7:37  Pylon  
  108  7:38  Shield Battery  
  104  7:45  High Templar  
  104  7:46  High Templar, Probe x3 (Chrono Boost)  
  104  7:48  Assimilator  
  107  7:51  Assimilator  
  107  7:52  Immortal  
  107  7:57  Sentry  
  111  7:58  Probe x2 (Chrono Boost)  
  111  8:02  Shield Battery  
  111  8:04  Photon Cannon  
  111  8:12  Zealot x5  
  125  8:18  Zealot x2  
  129  8:21  Zealot  
  133  8:36  Zealot, Archon  
  133  8:37  Zealot x3  
  123  8:41  Zealot x2  
  123  8:42  Zealot x2  
Tags
 
Add a new tag
Caveats
  • Supply blocks, unpowered buildings, or Contaminate may cause inaccurate times.
  • Supply counts are checked every 10 seconds.